 Dungeon Crawl Stone Soup version 0.20-a0-1043-gbd57889 (webtiles) character file.

198 theAP the Cudgeler (level 5, 0/43 HPs)
             Began as a Gnoll Wanderer on Apr 24, 2017.
             Succumbed to a worker ant's poison
             ... on level 4 of the Dungeon.
             The game lasted 00:08:36 (4544 turns).

theAP the Cudgeler (Gnoll Wanderer)                 Turns: 4544, Time: 00:08:36

Health: 0/43       AC: 10    Str: 16    XL:     5   Next: 76%
Magic:  7/7        EV:  6    Int: 11    God:
Gold:   83         SH:  0    Dex: 11    Spells: 7/7 levels left

rFire    + . .     SeeInvis .   d - +0 club
rCold    . . .     Gourm    .   (no shield)
rNeg     . . .     Faith    .   t - +0 chain mail
rPois    .         Spirit   .   (no helmet)
rElec    .         Reflect  .   (no cloak)
rCorr    .         Harm     .   j - +0 pair of gloves
MR       .....                  (no boots)
Stlth    ..........             (no amulet)
Regen    0.2/turn               (no ring)
MPRegen  0.1/turn               (no ring)

@: lethally poisoned (0 -> -4), drained
A: short attention span, fangs 1, rugged brown scales 1, fire resistance 1,
strong nose
a: no special abilities


You were on level 4 of the Dungeon.
You were hungry.

You visited 1 branch of the dungeon, and saw 4 of its levels.

You collected 83 gold pieces.

Inventory:

Hand Weapons
 d - a +0 club (weapon)
 e - a +0 dagger
Missiles
 o - 35 arrows
Armour
 c - a +0 ring mail
 j - a +0 pair of gloves (worn)
 t - a +0 chain mail (worn)
Jewellery
 x - an uncursed ring of teleportation
Scrolls
 k - 2 scrolls of identify
 l - a scroll of enchant armour {unknown}
 n - a scroll of remove curse
 p - a scroll of blinking {unknown}
 q - 2 scrolls of teleportation {unknown}
 s - a scroll of enchant weapon {unknown}
 w - a scroll of amnesia {unknown}
Potions
 f - a potion of haste {unknown}
 g - a potion of berserk rage
 h - a potion of mutation
 m - a potion of agility
 r - a potion of brilliance
Books
 a - a book of Changes

   Spells                             Type                      Level
   a - Beastly Appendage              Transmutation                1
   b - Sticks to Snakes               Transmutation                2
   c - Spider Form                    Transmutation/Poison         3
   d - Ice Form                       Ice/Transmutation            4
   e - Blade Hands                    Transmutation                5
 b - the Volume of Creation

   Spells                             Type                      Level
   a - Summon Small Mammal            Summoning                    1
   b - Recall                         Summoning/Translocation      3
Comestibles
 i - 5 meat rations
 u - 3 fruits
 v - a chunk of flesh
 z - a bread ration


   Skills:
 + Level 4.2(4.0) Fighting
 * Level 6.3(6.1) Maces & Flails
 - Level 2.4(2.2) Armour
 - Level 0.8(0.5) Dodging
 - Level 2.6(2.4) Stealth
 - Level 1.7(1.4) Spellcasting
   Level 3.0(2.7) Transmutations
   Level 3.0(2.7) Air Magic


You had 7 spell levels left.
You didn't know any spells.

Dungeon Overview and Level Annotations

Branches:
Dungeon (4/15)
 Temple: D:4-7

Altars:
Fedhas


Innate Abilities, Weirdness & Mutations

You have a short attention span.
You have very sharp teeth.
Your uncanny sense of smell can sniff out nearby items.
You are partially covered in rugged brown scales. (AC +1, +3% HP)
Your flesh is heat resistant. (rF+)


Message History

You feel sick. The worker ant barely misses you. The worker ant bites you.
* * * LOW HITPOINT WARNING * * *
You closely miss the worker ant.
The worker ant is almost dead.
* * * LOW HITPOINT WARNING * * *
You feel sick. The worker ant completely misses you.
You barely miss the worker ant.
The worker ant is almost dead.
The frilled lizard barely misses you. The worker ant bites you.
* * * LOW HITPOINT WARNING * * *
Your chain mail prevents you from hitting the worker ant.
You bite the worker ant, but do no damage.
The worker ant is almost dead.
* * * LOW HITPOINT WARNING * * *
You feel sick. The worker ant barely misses you.
The frilled lizard bites you but does no damage.
You hit the worker ant.
You kill the worker ant!
The frilled lizard bites you but does no damage.
You die...

#.#.. #.#.# #.#.#
#######.#.#
##.#.###..<......#
#.................
#..#.###.#####....
#.l#.# #.# ###
#..#.# #.# #.@#.#
#.# #%.#.# #.#
#..#.# #.# #.....
..# #.##.# ### #.
#. #.


You could see a frilled lizard.

Vanquished Creatures
  Crazy Yiuf (D:3)
  A worker ant (D:4)
  4 adders
  2 oozes (D:2)
  An adder zombie (D:3)
  2 worms
  5 dart slugs
  2 leopard geckos
  An orc (D:3)
  11 bats
  4 giant cockroaches
  2 goblins
  5 hobgoblins
  7 jackals
  13 kobolds
  5 quokkas
  3 ball pythons
  2 frilled lizards
  9 rats
80 creatures vanquished.

Notes
Turn   | Place    | Note
-------+----------+-------------------------------------------
     0 | D:1      | theAP the Gnoll Wanderer began the quest for the Orb.
     0 | D:1      | theAP set off with: a book of Changes, the Volume of Creation, a +0 ring mail, a +0 club, a +0 dagger, a bread ration
     0 | D:1      | Reached XP level 1. HP: 15/15 MP: 3/3
   277 | D:1      | Reached skill level 2 in Maces & Flails
   440 | D:1      | Reached XP level 2. HP: 7/22 MP: 4/4
  1140 | D:1      | Reached XP level 3. HP: 22/28 MP: 5/5
  1219 | D:1      | Reached skill level 3 in Maces & Flails
  2006 | D:2      | Reached skill level 4 in Maces & Flails
  2006 | D:2      | Reached XP level 4. HP: 13/35 MP: 6/6
  2743 | D:2      | Gained mutation: You are partially covered in rugged brown scales. (AC +1, +3% HP) [potion of mutation]
  2743 | D:2      | Gained mutation: Your flesh is heat resistant. (rF+) [potion of mutation]
  2769 | D:2      | HP: 1/36 [poisoned by an adder]
  3160 | D:2      | Reached skill level 5 in Maces & Flails
  3529 | D:3      | Reached XP level 5. HP: 33/43 MP: 7/7
  4012 | D:3      | Found a blossoming altar of Fedhas.
  4115 | D:3      | Found a runed door.
  4213 | D:3      | Noticed Crazy Yiuf
  4238 | D:3      | Killed Crazy Yiuf
  4238 | D:3      | Reached skill level 6 in Maces & Flails
  4541 | D:4      | HP: 1/43 [worker ant (3)]
  4544 | D:4      | Succumbed to a worker ant's poison

Vault maps used:
D:1:      minmay_arrival_loop, grunt_decor_one_mirror
D:2:      first_bread
D:3:      fountainhead, fedhas_altar_1, uniq_crazy_yiuf_cottage
D:4:      gammafunk_temple_overflow_statue, gammafunk_temple_overflow_elements,
          minmay_temple_entry_crystal_x, cheibrodos_sewer_entry_sluice

Skill      XL: |  1  2  3  4  5 |
---------------+----------------+-----
Fighting       | 2 3 4 |  4.2
Maces & Flails | 2 4 5 6 |  6.3
Armour         | 2 |  2.4
Dodging        | |  0.8
Stealth        | |  2.6
Spellcasting   | |  1.7
Transmutations | |  3.0
Air Magic      | |  3.0

Action                   |  1- 3 |  4- 6 || total
-------------------------+-------+-------++-------
Melee: Club              |   261 |   271 ||   532
       Bite              |    24 |    26 ||    50
  Use: Potion            |     1 |     7 ||     8
       Scroll            |       |     5 ||     5
 Stab: Sleeping          |     2 |       ||     2
  Eat: Chunk             |     1 |       ||     1
       Bread ration      |     1 |     1 ||     2
       Royal jelly       |       |     1 ||     1
Armor: Ring mail         |   139 |    94 ||   233
       Chain mail        |       |    38 ||    38
Dodge: Dodged            |   200 |   151 ||   351
